AoeStats
← Griff

Arena

509767465Analyzed
1v1 RM · 3d ago on Sep 27, 2026· 42m 26s· 2 players
Game mode
Random Map
Map size
Tiny (2 player)
Population
200
Speed
Normal
Resources
Standard
Victory
Conquest
Starting age
Dark Age
Ending age
Imperial Age
RankedLock teamsTeams togetherTeam positionsShared explorationLock speedFull tech treeHidden civsTurbo modeCheats
Victory
Defeat
🇨🇿 Bohemians · Czechia
1431
+14
🇧🇷 Burmese · Brazil
1378
-14
Griff
10:56 Feudal Age
15:08 Castle Age
19:47 Devotion
27:56 Wheelbarrow
27:06 Loom
29:25 Fervor
29:21 Atonement
33:57 Imperial Age
33:16 Redemption
33:33 Hand Cart
36:21 Chemistry
35:40 Padded Archer Armor
35:32 Fletching
36:12 Block Printing
38:12 Bodkin Arrow
38:59 Light Cavalry
41:16 Husbandry
41:29 Forging
42:15 Bloodlines
42:54 Iron Casting
kvetys1
10:40 Feudal Age
14:28 Castle Age
13:22 Double-Bit Axe
16:52 Fervor
18:40 Wheelbarrow
18:24 Bow Saw
17:56 Horse Collar
26:42 Hand Cart
30:34 Imperial Age
28:21 Loom
28:22 Town Watch
30:14 Chemistry
29:53 Ballistics
29:24 Fletching
30:56 Elite Skirmisher
32:01 Conscription
33:03 Two-Man Saw
32:16 Bodkin Arrow
32:23 Padded Archer Armor
33:13 Bracer
34:55 Leather Archer Armor
34:53 Masonry
37:07 Wagenburg Tactics
38:03 Pikeman
Connection lost

Rejoining the realm…

Still unreachable

The connection could not be restored.

Session expired

The server has moved on; the page needs a fresh start.